Map: Vaani Research Station (Void)

Players

lIIllllIIlll (INnoVation) - Winner!

  • Race: Terran Terran
  • League: Diamond
  • Spawn Location: 6:00

HeroMarine

  • Race: Terran Terran
  • Spawn Location: 12:00

Event: NationWars IV

VOD

https://youtu.be/s0fPmMYfny0

Description

Time

  • Played on: Jan. 21, 2017, 1:52 p.m.
  • Length: 10:16
Show
View Real Time Build Order
Export as new Build Order

lIIllllIIlll Terran - Winner!

Build Orders: 1/1/1, Cyclone Opening, Bio Tank 

Get SALT Encoding   

  12  0:00  SCV  
  13  0:13  SCV  
  14  0:17  Supply Depot  
  14  0:25  SCV  
  15  0:29  Refinery  
  15  0:39  SCV  
  16  0:45  Barracks  
  16  0:51  SCV  
  16  0:56  Refinery  
  17  1:03  SCV  
  18  1:15  SCV  
  19  1:32  Reaper, Orbital Command  
  20  1:36  Factory  
  20  1:46  Supply Depot  
  20  1:57  SCV  
  21  2:04  Reaper  
  22  2:10  SCV  
  23  2:20  Cyclone  
  23  2:22  Starport  
  26  2:23  SCV  
  26  2:29  Supply Depot  
  27  2:35  SCV  
  27  2:36  Barracks Tech Lab  
  28  2:50  SCV  
  29  2:52  Hellion  
  31  3:02  SCV  
  31  3:05  Raven  
  34  3:11  Barracks Reactor  
  34  3:14  SCV  
  35  3:21  Command Center  
  35  3:24  Widow Mine  
  37  3:30  Supply Depot  
  37  3:32  SCV  
  38  3:44  SCV  
  39  3:52  Raven  
  39  3:58  SCV  
  39  3:59  Marine x2  
  39  4:00  Factory Tech Lab  
  40  4:10  SCV  
  41  4:17  Marine x2  
  41  4:22  SCV  
  44  4:25  Siege Tank  
  47  4:32  Orbital Command  
  47  4:34  SCV  
  48  4:41  Barracks x2  
  48  4:42  Stimpack, Marine  
  49  4:48  SCV  
  49  4:51  Starport Reactor  
  50  4:53  Engineering Bay  
  50  4:57  Refinery  
  50  5:00  SCV  
  50  5:02  Marine  
  50  5:05  SCV  
  53  5:12  SCV  
  54  5:15  Supply Depot  
  54  5:17  Siege Tank  
  57  5:23  Marine  
  57  5:24  SCV  
  57  5:25  SCV  
  59  5:32  Marine x2  
  59  5:36  Starport Reactor, SCV  
  59  5:37  SCV, Supply Depot, Marine x2  
  59  5:40  Marine  
  64  5:48  Supply Depot  
  64  5:49  Siege Tank  
  67  5:50  Marine x2  
  67  5:53  SCV  
  70  5:58  SCV, Supply Depot  
  70  5:59  Refinery  
  70  6:01  Marine x3  
  74  6:06  SCV  
  74  6:08  Marine  
  74  6:11  SCV  
  77  6:17  Medivac, Terran Infantry Weapons Level 1  
  77  6:18  Medivac  
  81  6:19  Supply Depot  
  81  6:20  Marine  
  81  6:21  Marine  
  83  6:29  Siege Tank  
  86  6:34  Marine x2  
  86  6:35  Missile Turret  
  86  6:36  Marine  
  86  6:38  Marine  
  90  6:45  Combat Shields  
  90  6:46  SCV  
  90  6:47  SCV  
  86  6:51  Marine  
  86  6:52  Marine x2  
  86  6:54  Supply Depot, Marine  
  89  6:56  Marine  
  89  6:59  SCV x2  
  89  7:00  Medivac x2  
  95  7:09  Siege Tank, Supply Depot  
  95  7:12  SCV x2  
  95  7:14  Marine x2  
  102  7:15  Marine x2  
  102  7:17  Marine  
  102  7:21  Missile Turret  
  105  7:30  Medivac x2  
  105  7:32  Marine x2  
  105  7:33  Marine x2  
  112  7:41  Siege Tank  
  115  7:46  Marine  
  115  7:50  Marine x2  
  115  7:51  Marine  
  117  7:57  Supply Depot, Marine  
  117  7:58  Supply Depot  
  117  8:04  Medivac x2  
  121  8:08  Marine x3  
  121  8:09  Marine  
  125  8:14  Marine  
  125  8:18  Siege Tank, Terran Infantry Armor Level 1  
  129  8:26  Supply Depot  
  129  8:29  Marine x3  
  118  8:50  Siege Tank  
  118  8:51  Medivac x2  
  112  8:58  Marine x4  
  112  8:59  Marine  
  112  9:06  Command Center  
  105  9:16  Marine x4  
  103  9:23  Siege Tank, Barracks  
  106  9:25  Barracks  
  106  9:30  Engineering Bay, Marine, Armory  
  107  9:35  SCV  
  107  9:36  SCV  
  109  9:40  Marine x3  
  112  9:51  Marine x2  
Show
View Real Time Build Order
Export as new Build Order

HeroMarine Terran 

Build Orders: 1/1/1, Cyclone Opening 

Get SALT Encoding   

  12  0:01  SCV  
  13  0:13  SCV  
  14  0:18  Supply Depot  
  14  0:25  SCV  
  15  0:29  Refinery  
  15  0:40  SCV  
  16  0:46  Barracks  
  16  0:52  SCV  
  17  0:57  Refinery  
  17  1:04  SCV  
  18  1:16  SCV  
  19  1:33  Orbital Command  
  19  1:36  Factory  
  19  1:37  Reaper  
  20  1:48  Supply Depot  
  20  1:59  SCV  
  21  2:09  Reaper  
  21  2:11  SCV  
  23  2:20  Starport  
  26  2:22  Cyclone  
  26  2:25  SCV  
  27  2:31  Supply Depot  
  27  2:37  SCV  
  27  2:42  Barracks Tech Lab  
  28  2:49  SCV  
  29  3:01  SCV  
  30  3:07  Raven  
  30  3:09  Widow Mine  
  34  3:17  Command Center  
  34  3:20  Barracks Reactor  
  34  3:22  SCV  
  35  3:27  Supply Depot  
  35  3:34  SCV  
  35  3:46  SCV  
  36  3:49  Factory Tech Lab  
  36  3:50  Viking  
  38  3:58  SCV  
  38  3:59  Marine x2  
  41  4:11  SCV  
  41  4:14  Siege Tank  
  41  4:17  Refinery, Marine x2  
  47  4:24  SCV  
  46  4:36  SCV  
  47  4:45  Orbital Command  
  47  4:48  SCV  
  47  4:50  Viking x2  
  52  4:55  Siege Tank  
  55  5:00  SCV  
  54  5:07  Marine  
  54  5:11  SCV  
  54  5:12  SCV  
  57  5:24  SCV x2  
  57  5:26  Viking  
  62  5:36  Supply Depot  
  62  5:38  SCV  
  62  5:40  Supply Depot  
  62  5:48  SCV  
  62  5:57  Viking, Siege Tank, SCV, Marine  
  62  6:00  SCV  
  62  6:02  Viking  
  72  6:06  Barracks  
  72  6:07  Barracks  
  72  6:10  SCV  
  72  6:11  Supply Depot  
  73  6:12  SCV  
  73  6:15  Marine  
  73  6:16  Supply Depot  
  75  6:24  Engineering Bay x2  
  75  6:26  SCV  
  75  6:27  SCV  
  77  6:33  Marine  
  77  6:38  SCV  
  77  6:39  SCV  
  80  6:40  Siege Tank  
  75  6:49  Viking  
  75  6:50  SCV  
  75  6:51  Marine  
  76  6:56  Barracks Reactor x2  
  76  7:01  Refinery  
  72  7:03  Terran Infantry Weapons Level 1  
  72  7:05  Terran Infantry Armor Level 1  
  71  7:08  Marine  
  72  7:18  Command Center  
  72  7:21  Siege Tank  
  73  7:26  Marine  
  73  7:27  Medivac  
  73  7:29  SCV x2  
  78  7:35  Marine x2  
  78  7:36  Barracks  
  80  7:37  Marine x2  
  80  7:39  Barracks  
  80  7:41  Medivac  
  82  7:49  Barracks Tech Lab  
  77  7:53  Siege Tank, Marine x2  
  77  7:54  Marine  
  77  7:55  Marine  
  84  8:07  Stimpack  
  84  8:08  Marine  
  84  8:12  Supply Depot  
  85  8:15  Supply Depot  
  85  8:23  Barracks Tech Lab  
  85  8:26  Barracks Reactor  
  85  8:29  Marine x2  
  85  8:30  Siege Tank  
  85  8:31  Marine x3  
  93  8:41  Marine  
  93  8:47  Marine x2  
  58  8:49  Orbital Command, Marine x3  
  44  8:59  Marine  
  44  9:02  Siege Tank  
  43  9:03  Marine  
  43  9:04  Marine  
  43  9:05  Marine  
  43  9:06  Marine  
  43  9:08  Marine  
  43  9:24  Orbital Command  
  43  9:30  SCV  
  44  9:32  SCV  
  44  9:34  Siege Tank  
  48  9:43  SCV  
  48  9:45  SCV  
  50  9:46  Marine  
  50  9:49  Marine  
  50  9:51  SCV  
  53  9:55  SCV, Marine  
  53  9:57  SCV  
  57  10:03  SCV  
Tags
 
Add a new tag
Caveats
  • Supply blocks, unpowered buildings, or Contaminate may cause inaccurate times.
  • Supply counts are checked every 10 seconds.